AoeStats
← bullseyes

African Clearing

505899020Analyzed
4v4 RM · 22d ago on Sep 11, 2026· 48m 49s· 8 players
Game mode
Random Map
Map size
Large (8 player)
Population
200
Speed
Normal
Resources
Standard
Victory
Conquest
Starting age
Dark Age
Ending age
Imperial Age
RankedLock teamsTeams togetherTeam positionsShared explorationLock speedFull tech treeHidden civsTurbo modeCheats
Victory
Defeat
🇨🇳 Huns · China
1578
+13
🇨🇳 Berbers · China
1568
+14
🇨🇳 Vikings · China
1511
+16
🇨🇴 Cumans · Colombia
1504
+16
🇺🇸 Koreans · United States
1560
-16
🇧🇪 Tatars · Belgium
1532
-16
🇩🇰 Aztecs · Denmark
1528
-15
🇪🇸 Vietnamese · Spain
1435
-12
YOGRANNYCANTSCRAP
13:07 Feudal Age
13:56 Double-Bit Axe
19:57 Castle Age
19:45 Stone Mining
19:41 Fishing Lines
20:38 Gillnets
22:40 Fletching
23:17 Bow Saw
23:17 Gold Mining
26:17 Bodkin Arrow
27:21 Wheelbarrow
26:33 Loom
28:29 Ballistics
28:04 Town Watch
30:06 Husbandry
30:13 Thumb Ring
35:58 Imperial Age
33:55 Horse Collar
34:48 Hand Cart
37:21 Gold Shaft Mining
37:29 Conscription
38:29 Chemistry
37:32 Bracer
37:30 Elite War Wagon
39:45 Two-Man Saw
39:09 Elite War Wagon
40:21 Heavy Plow
Lord Longshaft
13:08 Feudal Age
13:49 Loom
16:58 Castle Age
15:12 Gold Mining
26:00 Sanctity
26:47 Fervor
28:52 Redemption
38:07 Wheelbarrow
38:39 Double-Bit Axe
38:46 Town Watch
ReyCocobolo
13:50 Feudal Age
15:51 Loom
18:18 Castle Age
17:49 Fletching
17:53 Gold Mining
19:28 Bodkin Arrow
19:47 Double-Bit Axe
25:03 Padded Archer Armor
25:45 Bow Saw
27:32 Ballistics
29:01 Wheelbarrow
28:45 Padded Archer Armor
32:38 Leather Archer Armor
37:32 Imperial Age
36:53 Hand Cart
37:27 Hand Cart
40:15 Imperial Age
37:40 Crossbowman
39:04 Thumb Ring
39:24 Stone Mining
41:18 Bracer
bullseyes
10:55 Feudal Age
10:07 Loom
11:59 Double-Bit Axe
14:43 Fletching
22:44 Castle Age
23:03 Padded Archer Armor
22:47 Crossbowman
23:44 Bow Saw
29:54 Horse Collar
31:56 Ballistics
33:04 Bodkin Arrow
33:57 Bloodlines
36:11 Husbandry
38:51 Leather Archer Armor
43:03 Imperial Age
66875234
10:40 Loom
13:33 Feudal Age
17:13 Castle Age
15:36 Double-Bit Axe
16:02 Horse Collar
18:10 Bow Saw
24:44 Stone Mining
25:05 Town Watch
25:43 Gold Mining
27:22 Gold Shaft Mining
30:39 Imperial Age
28:36 Scale Mail Armor
29:02 Forging
29:44 Chain Mail Armor
31:02 Iron Casting
30:29 Squires
30:14 Arson
31:53 Plate Mail Armor
31:44 Conscription
32:06 Conscription
32:56 Elite Berserk
35:09 Siege Engineers
36:38 Blast Furnace
35:28 Fletching
35:13 Capped Ram
37:54 Two-Man Saw
36:58 Heavy Plow
38:10 Chieftains
38:56 Town Patrol
39:54 Siege Ram
42:09 Bodkin Arrow
42:14 Padded Archer Armor
42:19 Scale Barding Armor
42:40 Ballistics
43:20 Chemistry
42:01 Treadmill Crane
42:31 Masonry
44:14 Coinage
43:44 Caravan
44:39 Crop Rotation
48:32 Architecture
47:30 Spies/Treason
Bo Zhi Shang
4:13 Loom
13:01 Feudal Age
16:39 Fletching
17:28 Padded Archer Armor
25:38 Castle Age
25:40 Scale Barding Armor
25:46 Forging
29:46 Castle Age
28:32 Bloodlines
30:47 Bloodlines
37:01 Leather Archer Armor
37:46 Ballistics
45:31 Wheelbarrow
45:11 Double-Bit Axe
45:14 Horse Collar
46:37 Bow Saw
46:57 Heavy Plow
47:10 Bodkin Arrow
47:25 Gold Mining
49:36 Gold Shaft Mining
49:35 Hand Cart
歪歪老登
13:18 Feudal Age
11:57 Loom
15:23 Double-Bit Axe
19:17 Castle Age
17:23 Fishing Lines
18:18 Gold Mining
21:05 Wheelbarrow
20:24 Fletching
20:26 Horse Collar
21:22 Bodkin Arrow
23:30 Padded Archer Armor
26:17 Stone Mining
29:07 Gold Shaft Mining
29:22 Bow Saw
29:13 Heavy Plow
30:02 Ballistics
35:12 Imperial Age
36:35 Thumb Ring
37:02 Crop Rotation
36:59 Bracer
37:21 Conscription
37:05 Maghrebi Camels
37:12 Maghrebi Camels
37:26 Husbandry
37:36 Bloodlines
37:43 Leather Archer Armor
38:39 Hand Cart
39:54 Chemistry
40:03 Ring Archer Armor
41:02 Kasbah
42:33 Stone Shaft Mining
41:53 Capped Ram
41:54 Onager
42:23 Elite Genitour
48:01 Kasbah
47:28 Elite Camel Archer
47:40 Capped Ram
49:24 Scale Barding Armor
49:30 Forging
Sebasky
9:24 Loom
9:58 Loom
12:17 Feudal Age
12:52 Double-Bit Axe
14:49 Forging
21:56 Bloodlines
26:43 Castle Age
25:20 Wheelbarrow
25:42 Scale Barding Armor
25:22 Horse Collar
25:49 Gold Mining
26:45 Light Cavalry
26:50 Capped Ram
27:54 Chain Barding Armor
35:26 Heavy Plow
35:38 Bow Saw
36:26 Iron Casting
36:08 Steppe Husbandry
36:29 Stone Mining
43:32 Hand Cart
45:48 Imperial Age
43:19 Town Watch
44:03 Town Patrol
44:59 Gold Shaft Mining
45:48 Cavalier
47:05 Plate Barding Armor
47:04 Paladin
Connection lost

Rejoining the realm…

Still unreachable

The connection could not be restored.

Session expired

The server has moved on; the page needs a fresh start.